 Dungeon Crawl Stone Soup version 0.17-a0-1596-g1e86911 (webtiles) character file.

8810 ololoev the Slicer (level 11, -1/85 HPs)
             Began as a Yellow Draconian Skald on July 30, 2015.
             Was an Elder of Dithmenos.
             Killed by Ozocubu's Refrigeration
             ... invoked by Fannar
              (11 damage)
             ... on level 10 of the Dungeon.
             The game lasted 00:50:22 (13614 turns).

ololoev the Slicer (Yellow Draconian Skald)        Turns: 13614, Time: 00:50:22

Health: -1/85      AC:  9    Str: 15    XL:     11   Next: 14%
Magic:  20/22      EV: 13    Int: 15    God:    Dithmenos [****..]
Gold:   422        SH:  0    Dex: 11    Spells: 3 memorised, 18 levels left

rFire  + . .     SeeInvis .     a - +2 short sword (venom)
rCold  + . .     Clarity  .     (armour unavailable)
rNeg   . . .     SustAt   .     (no shield)
rPois  .         Gourm    .     (helmet restricted)
rElec  .         Spirit   .     I - +0 cloak
rCorr  +         Warding  .     (no gloves)
rMut   .         Stasis   .     g - +0 pair of boots
MR     .....                    (no amulet)
Stlth  ++........               C - ring of protection from fire
                                v - ring of protection from cold

@: confused, about to teleport, flying, wreathed by umbra, not resistant to
hostile enchantments, unstealthy
A: spit acid, acid resistance, unfitting armour, big wings, cold-blooded, AC +7
a: Spit Acid, Stop Flying, Shadow Step, Renounce Religion


Innate Abilities, Weirdness & Mutations

You can spit globs of acid.
You are resistant to acid.
Your golden yellow scales are hard (AC +7).
Your body does not fit into most forms of armour.
You are cold-blooded and may be slowed by cold attacks.
Your large and strong wings let you fly indefinitely.

Inventory:

Hand weapons
 a - a +2 short sword of venom (weapon)
Armour
 g - a +0 pair of boots (worn)
 I - a +0 cloak (worn)
Magical staves
 b - an uncursed staff of wizardry
Jewellery
 r - an uncursed amulet of stasis
 v - a ring of protection from cold (left hand)
 z - an uncursed ring of positive energy
 C - a ring of protection from fire (right hand)
Magical devices
 y - a wand of teleportation (3)
 K - a wand of confusion (9)
Scrolls
 d - a scroll of recharging {unknown}
 e - a scroll of teleportation
 f - 2 scrolls of random uselessness {unknown}
 h - 2 scrolls of enchant armour {unknown}
 i - a scroll of fear {unknown}
 l - 2 scrolls of enchant weapon {unknown}
 o - 7 scrolls of remove curse
 q - 4 scrolls of immolation {unknown}
 A - a scroll of torment {unknown}
 B - a scroll of blinking {unknown}
 E - 2 scrolls of amnesia {unknown}
 F - a scroll of magic mapping {unknown}
 G - a scroll of summoning {unknown}
 J - 3 scrolls of noise {unknown}
Potions
 j - a potion of degeneration {unknown}
 m - a potion of haste
 p - 2 potions of agility
 s - a potion of ambrosia
 t - a potion of might
 u - a potion of mutation
 w - 5 potions of brilliance
 x - 2 potions of resistance
 D - a potion of berserk rage
Comestibles
 c - 11 bread rations
 n - 2 beef jerkies
 H - 6 chunks of flesh
 M - 10 royal jellies


   Skills:
 + Level 4.6 Fighting
 * Level 9.5 Short Blades
 + Level 3.4 Dodging
 * Level 8.4 Stealth
 - Level 7.4 Spellcasting
 - Level 7.6 Charms


You had 18 spell levels left.
You knew the following spells:

 Your Spells              Type           Power        Failure   Level  Hunger
a - Infusion              Chrm           ####..       1%          1    None
b - Song of Slaying       Chrm           ####....     1%          2    None
c - Regeneration          Chrm/Necr      ###.......   10%         3    ##.....


You were on level 10 of the Dungeon.
You worshipped Dithmenos.
Dithmenos was greatly pleased with you.
You were hungry.

You visited 1 branch of the dungeon, and saw 10 of its levels.

You collected 422 gold pieces.

........................... ....
#########..[..............# ####
###########...............#######
...........(.....................
.[........<......................
#........}...Y.##########........
#.###########..##########..######
#.................)........######
....../.........@e....Y..........
#...............Y.###############
#.................## #########
...................... .......Y.
................(..... %........
####.################.. .........
#†# . ......... #.########
......... ####......... .......a.

Notes
Turn   | Place    | Note
--------------------------------------------------------------
     0 | D:1      | ololoev the Draconian Skald began the quest for the Orb.
     0 | D:1      | Reached XP level 1. HP: 17/17 MP: 3/3
   644 | D:1      | Reached XP level 2. HP: 22/24 MP: 0/5
   680 | D:1      | Learned a level 2 spell: Song of Slaying
   771 | D:1      | Reached skill level 3 in Charms
  1014 | D:2      | Reached XP level 3. HP: 25/29 MP: 2/6
  1219 | D:2      | Found a burning altar of Makhleb.
  1715 | D:2      | Learned a level 3 spell: Regeneration
  1928 | D:2      | Reached XP level 4. HP: 36/36 MP: 8/8
  2687 | D:3      | Noticed a black bear
  2784 | D:3      | Killed a black bear
  2784 | D:3      | Reached skill level 4 in Charms
  2784 | D:3      | Reached XP level 5. HP: 23/41 MP: 4/10
  3148 | D:4      | Found a shadowy altar of Dithmenos.
  3256 | D:4      | Became a worshipper of Dithmenos the Shadowed
  3627 | D:4      | Reached XP level 6. HP: 40/48 MP: 6/11
  3979 | D:4      | Found Riuciavyo's Book Shoppe.
  4337 | D:4      | Reached skill level 1 in Stealth
  4508 | D:4      | Noticed a phantom
  5134 | D:4      | Found an opulent altar of Gozag.
  5137 | D:4      | Found a glowing silver altar of Zin.
  5189 | D:4      | Killed a phantom
  5392 | D:5      | Entered Level 5 of the Dungeon
  5440 | D:5      | Your scales start taking on a golden yellow colour.
  5440 | D:5      | Reached XP level 7. HP: 50/55 MP: 3/13
  5464 | D:5      | Reached skill level 5 in Charms
  5992 | D:5      | Reached skill level 5 in Short Blades
  6002 | D:5      | Reached XP level 8. HP: 18/61 MP: 8/15
  6266 | D:5      | Found Xilu's Weapon Shoppe.
  6303 | D:5      | Reached skill level 5 in Spellcasting
  6528 | D:5      | Noticed a steam dragon
  6933 | D:6      | Found a staircase to the Ecumenical Temple.
  6985 | D:6      | Killed a steam dragon
  6992 | D:6      | Reached skill level 6 in Charms
  7330 | D:6      | Acquired Dithmenos's first power
  7708 | D:6      | Reached XP level 9. HP: 59/67 MP: 12/18
  7959 | D:7      | Noticed a steam dragon
  7983 | D:7      | Killed a steam dragon
  7983 | D:7      | Reached skill level 5 in Stealth
  8867 | D:7      | Found a stormy altar of Qazlal.
  8880 | D:7      | Reached skill level 7 in Short Blades
  8982 | D:7      | Noticed Crazy Yiuf
  8988 | D:7      | Killed Crazy Yiuf
  9334 | D:7      | Acquired Dithmenos's second power
  9611 | D:8      | Gained mutation: Scrolls take you a little longer to read. [mutagenic meat]
  9612 | D:8      | Gained mutation: You evolve. [mutagenic meat]
  9613 | D:8      | Gained mutation: Your large and strong wings let you fly indefinitely. [mutagenic meat]
  9846 | D:8      | Reached XP level 10. HP: 73/73 MP: 20/20
 10211 | D:8      | Lost mutation: Scrolls take you a little longer to read. [evolution]
 10211 | D:8      | Lost mutation: You evolve. [end of evolution]
 10391 | D:9      | Reached skill level 8 in Short Blades
 10693 | D:9      | Found a radiant altar of Vehumet.
 10693 | D:9      | Found a blossoming altar of Fedhas.
 10693 | D:9      | Found an iron altar of Okawaru.
 10904 | D:9      | Acquired Dithmenos's third power
 11222 | D:9      | Found Dessec's Food Emporium.
 11500 | D:10     | Entered Level 10 of the Dungeon
 11500 | D:10     | Found a viscous altar of Jiyva.
 11665 | D:10     | Noticed a cyclops
 11938 | D:10     | Found a staircase to the Lair.
 11941 | D:10     | Noticed an elephant
 12383 | D:10     | Killed a cyclops
 12383 | D:10     | Reached skill level 9 in Short Blades
 12710 | D:10     | Killed an elephant
 13080 | D:10     | Reached XP level 11. HP: 85/85 MP: 15/22
 13550 | D:10     | Noticed Fannar
 13550 | D:10     | Noticed a hill giant
 13593 | D:10     | Killed a hill giant
 13614 | D:10     | Killed from afar by Fannar

Dungeon Overview and Level Annotations

Branches:
Dungeon (10/15)            Temple (0/1) D:6            Lair (0/8) D:10
    Orc: D:9-12

Altars:
Dithmenos
Fedhas
Gozag
Makhleb
Okawaru
Qazlal
Vehumet
Zin
Jiyva

Shops:
D:4 :   D:5 (   D:9 %

Annotations:
D:10 Fannar


Message History

Fannar is lightly wounded.
Fannar blocks your shadow's attack.
You hit Fannar but do no damage.
Fannar looks even sicker.
Fannar is lightly wounded.
Fannar hits you with a staff of cold. Fannar freezes you!
Fannar blocks your attack.
Fannar is lightly wounded.
Your shadow hits Fannar with a short sword.
The ice beast barely misses you.
You barely miss Fannar.
Fannar is lightly wounded.
Fannar hits you but does no damage. Fannar blocks your attack.
Your tail-slap misses Fannar.
Fannar is lightly wounded.
Fannar blocks your attack.
Fannar is lightly wounded.
Fannar hits you with a staff of cold. Fannar freezes you!
Drink which item? (? for menu, Esc to quit)
You feel better.
The ice beast barely misses Fannar.
Fannar murmurs some mystic words to himself.
Fannar mumbles some strange words.
Fannar drains the heat from the surrounding environment!
You resist.
You feel very cold.
Fannar is frozen.
Fannar resists.
The ice beast seems less confused.
Press: ? - help, v - describe, . - travel
Here: Fannar, wielding a staff of cold and wearing a robe of cold resistance (moderately wounded, poisoned, covered in an icy film, protected by a disc of dense vapour, umbra)
The floor.
Drink which item? (? for menu, Esc to quit)
You feel better. Fannar hits you with a staff of cold. Fannar freezes you!
Read which item? (? for menu, Esc to quit)
As you read the scroll of teleportation, it crumbles to dust.
You feel strangely unstable.
The ice beast seems less confused.
Fannar hits you but does no damage. The ice beast misses you.
Drink which item? (? for menu, Esc to quit)
You are confused.
You feel invigorated.
Fannar gestures wildly while chanting.
Fannar drains the heat from the surrounding environment!
You resist.
You feel very cold.
You die...

You could see Fannar and 3 ice beasts.

Vanquished Creatures
  A hill giant (D:10)
  A cyclops (D:10)
  An elephant (D:10)
  A yak (D:9)
  A wyvern (D:9)
  A deep elf mage (D:10)
  2 steam dragons
  2 hungry ghosts
  3 hippogriffs
  4 ice beasts
  4 orc warriors
  3 phantoms
  3 black bears
  2 sky beasts
  An eye of draining (D:10)
  2 necrophages
  A big kobold (D:7)
  9 ogres
  2 centaurs
  A gnoll sergeant (D:6)
  8 giant frogs
  2 scorpions
  12 killer bees
  8 orc priests
  4 giant frog zombies
  8 hounds
  16 jellies
  6 crimson imps
  8 worker ants
  Crazy Yiuf (D:7)
  A centaur skeleton (D:7)
  4 orc wizards
  A giant frog skeleton (D:5)
  3 iguanas
  6 sheep
  3 hound skeletons
  A worker ant zombie (D:9)
  12 adders
  16 gnolls
  3 shadow imps
  8 oozes
  2 adder skeletons
  A worm (D:2)
  5 giant geckos
  33 orcs
  2 ball pythons (D:3)
  4 giant cockroaches
  7 goblins
  8 hobgoblins
  15 jackals
  7 quokkas
  8 bats
  2 giant gecko skeletons
  6 giant newts
  A jackal zombie (D:5)
  11 kobolds
  7 rats
  A fungus (D:7)
296 creatures vanquished.

Action                   |  1- 3 |  4- 6 |  7- 9 | 10-12 || total
-------------------------+-------+-------+-------+-------++-------
Melee: Short sword       |   115 |   331 |   461 |   456 ||  1363
Throw: Tomahawk          |       |     3 |       |       ||     3
 Cast: Infusion          |    13 |    29 |    18 |    18 ||    78
       Song of Slaying   |     2 |     4 |    10 |    13 ||    29
       Regeneration      |       |     6 |     9 |    30 ||    45
Invok: Shadow Step       |       |       |       |     2 ||     2
 Abil: Spit Acid         |       |       |    14 |    13 ||    27
       Fly               |       |       |       |     1 ||     1
Evoke: Wand              |       |       |       |     5 ||     5
  Use: Potion            |     1 |     1 |     2 |     3 ||     7
       Scroll            |       |       |    10 |     1 ||    11
 Stab: Sleeping          |       |       |    13 |    10 ||    23
       Distracted        |       |       |       |     1 ||     1
       Confused          |       |       |       |     1 ||     1
  Eat: Chunk             |     4 |    12 |    17 |    12 ||    45
       Meat ration       |       |       |     1 |     1 ||     2
       Beef jerky        |       |       |     1 |       ||     1
       Pizza             |       |       |       |     1 ||     1

Vault maps used:
D:1:      minmay_arrival_five_plusses
D:2:      overflow_temple_1_default
D:3:      first_bread
D:4:      grunt_temple_overflow_gold_and_silver, serial_shops,
          nicolae_shop_crystal, grunt_dithmenos_smoke
D:5:      kennysheep_steamy, serial_shops, shop_fountains
D:6:      temple_statues
D:7:      kennysheep_mini, uniq_crazy_yiuf_cottage
D:9:      gammafunk_temple_overflow_claw, serial_shops, shop
D:10:     david_lair_generic, hangedman_little_slice_of_home, jiyva_altar_1,
          uniq_fannar
